 Dungeon Crawl Stone Soup version 0.31.0-9-g3a7656b989 (webtiles) character file.

Game seed: 16176394387861900811

94 Bnni the Shield-Bearer (level 4, -3/28 HPs)
             Began as a Tengu Fighter on Feb 1, 2024.
             Slain by a gnoll
             ... wielding a +0 spear
              (4 damage)
             ... on level 3 of the Dungeon.
             The game lasted 00:03:13 (1395 turns).

Bnni the Shield-Bearer (Tengu Fighter)              Turns: 1395, Time: 00:03:13

Health: -3/28      AC:  6    Str: 16    XL:     4   Next: 63%
Magic:  5/5        EV:  8    Int:  9    God:
Gold:   86         SH:  5    Dex: 15    Spells: 3/3 levels left

rFire   . . .        i - +2 dagger (venom)
rCold   . . .        c - +0 buckler
rNeg    . . .        b - +0 scale mail
rPois   .            (helmet restricted)
rElec   .            (no cloak)
rCorr   .            (no gloves)
SInv    .            (boots unavailable)
Will    .....        (no amulet) Stlth
                     (no ring)
HPRegen 0.24/turn    (no ring)
MPRegen 0.09/turn

%: acrobat
@: no status effects
A: beak, talons 3, acrobatic
a: no special abilities


You were on level 3 of the Dungeon.
You visited 1 branch of the dungeon, and saw 3 of its levels.

You collected 86 gold pieces.

Inventory:

Hand Weapons
 i - a +2 dagger of venom (weapon)
Armour
 b - a +0 scale mail (worn)
 c - a +0 buckler (worn)
Jewellery
 m - a +5 ring of evasion
Scrolls
 f - 2 scrolls of poison {unknown}
 h - a scroll of acquirement {unknown}
 k - a scroll of amnesia {unknown}
 l - a scroll of teleportation {unknown}
Potions
 a - a potion of mutation {unknown}
 d - 2 potions of might
 e - a potion of invisibility {unknown}
 g - 2 potions of lignification {unknown}
 j - a potion of magic {unknown}
 n - a potion of heal wounds {unknown}
 o - a potion of brilliance {unknown}


   Skills:
 + Level 3.5 Fighting
 * Level 3.7 Short Blades
 - Level 3.2 Armour
 - Level 4.0 Shields


You had 3 spell levels left.
You didn't know any spells.
Your spell library contained the following spells:

 Spells                   Type           Power      Damage    Failure   Level
 Apportation              Tloc           0%         N/A       88%         1
 Necrotise                Necr           0%         1d4       88%         1
 Sting                    Conj/Alch      0%         1d3       88%         1
 Summon Small Mammal      Summ           0%         N/A       88%         1


Dungeon Overview and Level Annotations

Branches:
Dungeon (3/15)

Altars:
Zin


Innate Abilities, Weirdness & Mutations

You have a beak for a mouth.
You have claws for feet.
You can magically evade attacks while moving or waiting.


Message History

Your Shields skill increases to level 4!
You hit the gnoll.
The gnoll is poisoned.
Your kick misses the gnoll.
The gnoll is moderately wounded.
The gnoll hits you with a +0 club.
You hit the gnoll.
The gnoll looks as sick as possible!
You claw the gnoll.
You kill the gnoll!
Found 4 stones.
You hit the gnoll but do no damage. You peck the gnoll, but do no damage.
The gnoll hits you but does no damage.
You barely miss the gnoll. Your kick misses the gnoll.
The gnoll hits you from afar with a +0 spear.
You are too injured to fight recklessly!
You are too injured to fight recklessly!
You hit the gnoll but do no damage. Your kick misses the gnoll.
You peck the gnoll, but do no damage. The gnoll hits you with a +0 club.
The gnoll hits you but does no damage.
You hit the gnoll.
The gnoll is poisoned.
You claw the gnoll, but do no damage.
The gnoll is moderately wounded.
The gnoll closely misses you. You block the gnoll's attack.
You hit the gnoll.
The gnoll looks as sick as possible!
You claw the gnoll.
The gnoll is severely wounded.
You kill the gnoll!
The gnoll hits you but does no damage.
Unknown command.
The gnoll misses you.
Things that are here:
a +0 club; a gnoll corpse You barely miss the gnoll.
The gnoll hits you with a +0 spear!
* * * LOW HITPOINT WARNING * * *
You hit the gnoll.
The gnoll is poisoned.
Your kick misses the gnoll. You peck the gnoll, but do no damage.
The gnoll is moderately wounded.
The gnoll hits you with a +0 spear.
* * * LOW HITPOINT WARNING * * *
Unknown command.
Okay, then.
You barely miss the gnoll. Your kick misses the gnoll.
The gnoll is moderately wounded.
The gnoll hits you with a +0 spear.
You die...

#...)......#
#.g........#
#..........#
.#>.g.......#
........<...#
..####.###.#
#l# #g# #@#
#.# #.# #.#
... .....
##...(.
#......
.....###


You could see a gnoll (very poisoned) and a frilled lizard.

Vanquished Creatures
  3 gnolls (D:3)
  2 adders (D:2)
  2 endoplasms
  A giant cockroach (D:1)
  7 goblins
  7 hobgoblins
  4 jackals (D:1)
  6 kobolds
  4 quokkas
  4 ball pythons
  A bat (D:1)
  3 frilled lizards
  3 rats (D:2)
47 creatures vanquished.

Notes
Turn   | Place    | Note
-------+----------+-------------------------------------------
     0 | D:1      | Bnni the Tengu Fighter began the quest for the Orb.
     0 | D:1      | Reached XP level 1. HP: 14/14 MP: 2/2
     1 | D:1      | Noticed an electric eel
    78 | D:1      | Reached XP level 2. HP: 19/19 MP: 3/3
   176 | D:1      | Found a faded altar of an unknown god.
   318 | D:1      | Reached XP level 3. HP: 23/23 MP: 4/4
  1073 | D:2      | Reached XP level 4. HP: 26/28 MP: 5/5
  1253 | D:2      | Found a glowing silver altar of Zin.
  1381 | D:3      | Reached skill level 4 in Shields
  1394 | D:3      | HP: 1/28 [gnoll/+0 spear (3)]
  1395 | D:3      | Slain by a gnoll

Illustrated notes

Levels and vault maps discovered:
D:1:      arrival_aquarium_a, layout_basic,
          shapermc_ecumenical_altar_starsandcircs
D:2:      layout_rooms, basic_altar, chequers_serial_rivers_large_a
D:3:      layout_basic, uniq_jessica, uniq_grinder

Skill      XL: |  1  2  3  4 |
---------------+-------------+-----
Short Blades   | 3 |  3.7
Shields        | 4 |  4.0
Fighting       | |  3.5
Armour         | |  3.2

Action                     |  1- 3 |  4- 6 || total
---------------------------+-------+-------++-------
  Melee: Rapier            |    50 |       ||    50
         Peck              |     7 |     5 ||    12
         Kick              |    16 |     6 ||    22
         Dagger            |    49 |    21 ||    70
 Armour: Scale mail        |    58 |    13 ||    71
  Dodge: Dodged            |    45 |     5 ||    50
  Block: Buckler           |    19 |     3 ||    22
